 Dungeon Crawl Stone Soup version 0.19-a0-1886-gd64a0f0 (webtiles) character file.

88 Deemzul the Skirmisher (level 4, -13/42 HPs)
             Began as a Naga Fighter on Oct 16, 2016.
             Was a Follower of Cheibriados.
             Killed by nerve-wracking pain
             ... invoked by an orc priest
              (14 damage)
             ... on level 3 of the Dungeon.
             The game lasted 00:01:47 (2075 turns).

Deemzul the Skirmisher (Naga Fighter)               Turns: 2075, Time: 00:01:48

Health: -13/42     AC:  5    Str: 20    XL:     4   Next: 53%
Magic:  4/4        EV:  6    Int: 11    God:    Cheibriados [*.....]
Gold:   70         SH:  9    Dex: 13    Spells: 0 memorised, 3 levels left

rFire  . . .     SeeInvis +     a - +0 war axe
rCold  . . .     Gourm    .     b - +0 scale mail
rNeg   . . .     Faith    .     c - +0 shield
rPois  +         Spirit   .     (no helmet)
rElec  .         Dismiss  .     (no cloak)
rCorr  .         Reflect  .     (no gloves)
MR     .....     Harm     .     (no barding)
Stlth  ..........               (no amulet)
                                (no ring)
                                (no ring)

@: very slow
A: see invisible, deformed body, poison resistance, slowness 2, slow metabolism
1, spit poison 1, AC +1
a: Spit Poison, Bend Time, Renounce Religion


You were on level 3 of the Dungeon.
You worshipped Cheibriados.
Cheibriados was aware of your devotion.
You were not hungry.

You visited 1 branch of the dungeon, and saw 3 of its levels.

You collected 70 gold pieces.

Inventory:

Hand Weapons
 a - a +0 war axe (weapon)
 p - a +0 spear of pain
Armour
 b - a +0 scale mail (worn)
 c - a +0 shield (worn)
Jewellery
 g - a cursed ring of magical power {unknown}
Scrolls
 e - 4 scrolls of identify {unknown}
 i - a scroll of noise {unknown}
 k - a scroll of recharging {unknown}
 l - a scroll of blinking {unknown}
 r - a scroll of immolation {unknown}
 s - a scroll of amnesia {unknown}
Potions
 d - a potion of might
 m - a potion of cure mutation {unknown}
 q - a potion of agility
Comestibles
 f - a bread ration
 h - 2 meat rations
 n - a slice of pizza
 o - a beef jerky


   Skills:
 + Level 3.3 Fighting
 * Level 3.1 Axes
 + Level 2.7 Armour
 + Level 1.3 Dodging
 + Level 2.6 Shields
 + Level 0.0 Invocations


You had 3 spell levels left.
You didn't know any spells.

Dungeon Overview and Level Annotations

Branches:
Dungeon (3/15)

Altars:
Cheibriados
Trog
Uskayaw


Innate Abilities, Weirdness & Mutations

You cannot wear boots.
Your serpentine skin is tough. (AC +1)
You have supernaturally acute eyesight. (SInv)
Armour fits poorly on your strangely shaped body.
Your system is resistant to poisons. (rPois)
You cover ground very slowly.
You have a slow metabolism.
You can spit poison.


Message History

The orc priest is almost dead.
You barely miss the kobold. You miss the quokka.
The quokka bites you but does no damage.
You block the orc priest's attack. The kobold hits you with a whip.
* * * LOW HITPOINT WARNING * * *
The quokka closely misses you.
Unknown command.
Unknown command.
You barely miss the orc priest.
The orc priest is almost dead.
Your shield and scale mail prevent you from hitting the quokka.
You miss the kobold. You block the kobold's attack.
The orc priest invokes the aid of Beogh against you.
Beogh smites you!
* * * LOW HITPOINT WARNING * * *
You block the quokka's attack. The kobold hits you with a whip.
* * * LOW HITPOINT WARNING * * *
The orc priest calls down the wrath of Beogh upon you.
Pain shoots through your body!
You die...

#######
#.....#
#...%.##
#....r.#.###
#..o@K......
#.....#...##
$......##..
..# .#.####
#... # #
#.## .# #


You could see an orc priest, a quokka and a kobold.

Vanquished Creatures
  2 adders (D:2)
  2 worms (D:2)
  2 dart slugs (D:1)
  A leopard gecko (D:1)
  4 orcs (D:2)
  5 bats
  2 giant cockroaches
  8 goblins
  6 hobgoblins (D:2)
  7 jackals
  4 kobolds
  A ball python (D:2)
  A frilled lizard (D:2)
  4 rats
49 creatures vanquished.

Notes
Turn   | Place    | Note
-------+----------+-------------------------------------------
     0 | D:1      | Deemzul the Naga Fighter began the quest for the Orb.
     0 | D:1      | Reached XP level 1. HP: 21/21 MP: 1/1
   173 | D:1      | Reached XP level 2. HP: 27/28 MP: 2/2
   567 | D:1      | Reached XP level 3. HP: 25/34 MP: 3/3
   860 | D:2      | Found a hide-covered altar of Uskayaw.
   860 | D:2      | Found a snail-covered altar of Cheibriados.
   878 | D:2      | Became a worshipper of Cheibriados the Contemplative
  1006 | D:2      | Reached skill level 1 in Dodging
  1159 | D:2      | Reached XP level 4. HP: 9/42 MP: 4/4
  1424 | D:2      | Found a bloodstained altar of Trog.
  1730 | D:2      | Reached * piety under Cheibriados
  2075 | D:3      | HP: 1/42 [kobold/whip (2)]
  2075 | D:3      | Killed from afar by an orc priest

Vault maps used:
D:1:      saegor_arrival_simple_a
D:2:      cheibrodos_helix_gallery, lemuel_crystal_altar,
          chequers_temple_overflow_statue_of_worship, first_bread
D:3:      old_standard_altar, nicolae_overflow_hidden_temple

Skill      XL: |  1  2  3  4 |
---------------+-------------+-----
Dodging        | 1 |  1.3
Axes           | 3 |  3.1
Fighting       | |  3.3
Armour         | |  2.7
Shields        | |  2.6

Action                   |  1- 3 |  4- 6 || total
-------------------------+-------+-------++-------
Melee: War axe           |   101 |    44 ||   145
 Abil: Spit Poison       |     1 |       ||     1
  Use: Potion            |       |     2 ||     2
  Eat: Chunk             |     1 |     2 ||     3
Armor: Scale mail        |    44 |    40 ||    84
Dodge: Dodged            |    19 |    18 ||    37
Block: Shield            |    57 |    47 ||   104
